 Dungeon Crawl Stone Soup version 0.25-a0-424-g80bd347ae0 (webtiles) character file.

Game seed: 13708269545033842350, levelgen mode: deterministic

420 Johnny the Slasher (level 6, -3/52 HPs)
             Began as a Demigod Gladiator on Jan 20, 2020.
             Slain by an orc priest
             ... wielding a +1 vorpal morningstar
              (12 damage)
             ... on level 4 of the Dungeon.
             The game lasted 00:03:30 (3440 turns).

Johnny the Slasher (Demigod Gladiator)              Turns: 3440, Time: 00:03:30

Health: -3/52      AC:  4    Str: 21    XL:     6   Next: 35%
Magic:  8/8        EV: 13    Int: 12    God:
Gold:   318        SH:  0    Dex: 17    Spells: 5/5 levels left

rFire    . . .     SeeInvis .   a - +1 long sword
rCold    . . .     Gourm    .   (no shield)
rNeg     . . .     Faith    .   g - -1 leather armour (curse)
rPois    .         Spirit   .   c - +0 helmet
rElec    .         Reflect  .   (no cloak)
rCorr    .         Harm     .   h - +0 pair of gloves
MR       .....                  (no boots)
Stlth    +.........             (no amulet)
HPRegen  0.17/turn              (no ring)
MPRegen  0.11/turn              (no ring)

@: no status effects
A: high mp 1
a: no special abilities


You were on level 4 of the Dungeon.
You were very hungry.

You visited 1 branch of the dungeon, and saw 4 of its levels.

You collected 318 gold pieces.

Inventory:

Hand Weapons
 a - a +1 long sword (weapon)
Missiles
 d - a throwing net (quivered)
Armour
 b - a +0 leather armour
 c - a +0 helmet (worn)
 g - a cursed -1 leather armour (worn)
 h - a +0 pair of gloves (worn)
Scrolls
 e - a scroll of immolation {unknown}
 i - a scroll of blinking {unknown}
 j - a scroll of magic mapping {unknown}
 l - a scroll of enchant armour {unknown}
 n - a scroll of teleportation {unknown}
 p - 2 scrolls of noise
Potions
 k - a potion of agility {unknown}
 m - a potion of cancellation {unknown}
Comestibles
 f - 12 rations


   Skills:
 + Level 4.0 Fighting
 * Level 5.8 Long Blades
 - Level 1.7 Throwing
 - Level 2.6 Dodging


You had 5 spell levels left.
You didn't know any spells.
Your spell library was empty.

Dungeon Overview and Level Annotations

Branches:
Dungeon (4/15)
 Temple: D:4-7


Innate Abilities, Weirdness & Mutations

You have an increased reservoir of magic. (+10% MP)


Message History

The orc priest hits you with a +1 vorpal morningstar!
* * * LOW HITPOINT WARNING * * *
x2 You closely miss the orc priest.
The orc priest hits you with a +1 vorpal morningstar.
* * * LOW HITPOINT WARNING * * *
x2 Unknown command.
Okay, then.
Unknown command.
Unknown command.
Unknown command.
You aren't carrying any items that you can evoke.
Unknown command.
You feel better. The orc priest barely misses you.
You riposte.
You slash the orc priest!
The orc priest is heavily wounded.
There is a stone staircase leading up here.
You barely miss the orc priest.
The orc priest is heavily wounded.
The orc priest hits you with a +1 vorpal morningstar!
You die...

#############
############...........#
..........##...........#
........).##............
.......@..##[)..........
........o.[.............
#...#####)..###########.
#...........###.# #.
#.......[###....##### #.
.........##........# #.
...##....##........###.
.. #..o..#........+... .
#.....#........####


You could see an orc priest.

Vanquished Creatures
  Grinder (D:3)
  2 orc wizards (D:4)
  Ijyb (D:3)
  6 adders
  An ooze (D:1)
  2 worms
  A dart slug (D:1)
  2 leopard geckos
  5 orcs (D:4)
  A giant cockroach (D:3)
  8 goblins
  6 hobgoblins
  4 jackals (D:3)
  2 quokkas (D:2)
  8 bats
  4 frilled lizards
  10 kobolds
  11 rats
75 creatures vanquished.

Notes
Turn   | Place    | Note
-------+----------+-------------------------------------------
     0 | D:1      | Johnny the Demigod Gladiator began the quest for the Orb.
     0 | D:1      | Reached XP level 1. HP: 17/17 MP: 3/3
   167 | D:1      | Reached skill level 3 in Long Blades
   201 | D:1      | Reached XP level 2. HP: 18/24 MP: 4/4
   456 | D:1      | You fall into a shaft and drop 1 floor!
   567 | D:2      | Reached XP level 3. HP: 13/30 MP: 5/5
  1599 | D:1      | Reached skill level 4 in Long Blades
  1879 | D:3      | Found a shadowy altar of Dithmenos.
  2136 | D:3      | Reached XP level 4. HP: 37/37 MP: 6/6
  2140 | D:3      | Noticed Ijyb
  2147 | D:3      | Paralysed by Ijyb for 5 turns
  2156 | D:3      | Killed Ijyb
  2239 | D:3      | Found an opulent altar of Gozag.
  2324 | D:3      | Noticed Grinder
  2347 | D:3      | Paralysed by Grinder for 5 turns
  2355 | D:3      | Killed Grinder
  2355 | D:3      | Reached skill level 5 in Long Blades
  2355 | D:3      | Reached XP level 5. HP: 9/46 MP: 7/7
  2355 | D:3      | Reached XP level 6. HP: 10/52 MP: 8/8
  3437 | D:4      | HP: 2/52 [orc priest/+1 vorpal morningstar (2)]
  3440 | D:4      | Slain by an orc priest

Levels and vault maps discovered:
D:1:      wheals_arrival_linesprint, layout_loops_ring, st_stairs_5
D:2:      minmay_general_purpose_star, layout_basic, fountainhead
D:3:      layout_loops_cross, grunt_gozag_breadcrumbs,
          grunt_dithmenos_smoke_and_mirrors, uniq_grinder, uniq_ijyb
D:4:      layout_basic, temple_hall, first_ration, nemelex_altar_shiori

Skill      XL: |  1  2  3  4  5  6 |
---------------+-------------------+-----
Fighting       | 2 3 4 |  4.0
Long Blades    | 3 4 5 |  5.8
Throwing       | |  1.7
Dodging        | |  2.6

Action                   |  1- 3 |  4- 6 || total
-------------------------+-------+-------++-------
Melee: Long sword        |   112 |    90 ||   202
Throw: Throwing net      |     2 |       ||     2
Evoke: Wand              |       |     6 ||     6
  Use: Potion            |     2 |     1 ||     3
       Scroll            |     2 |       ||     2
 Stab: Sleeping          |     2 |       ||     2
       Paralysed         |       |     9 ||     9
  Eat: Chunk             |     4 |     3 ||     7
Armor: Leather armour    |    29 |    16 ||    45
Dodge: Dodged            |    91 |    64 ||   155
       Rpst.: Long sword |    34 |    23 ||    57

Table legend:
 A = Non-vault XP
 B = Vault XP
 C = Vault XP percentage of total XP
 D = Non-vault monster count
 E = Vault monster count
 F = Vault count percentage of total count
                 A         B        C        D         E       F
            +---------+---------+-------+---------+---------+-------
      Total |     258 |     342 |  57.0 |      67 |       8 |  10.7
            +---------+---------+-------+---------+---------+-------
        D:1 |      31 |       2 |   6.1 |      15 |       2 |  11.8
        D:2 |      43 |      19 |  30.6 |      17 |       4 |  19.0
        D:3 |      84 |     321 |  79.3 |      27 |       2 |   6.9
        D:4 |     100 |       0 |   0.0 |       8 |       0 |   0.0
            +---------+---------+-------+---------+---------+-------
